 Dungeon Crawl Stone Soup version 0.23.1-37-gaa34b87b72 (webtiles) character file.

Game seed: 17813951399712358818

781 Marnok the Chopper (level 7, -4/62 HPs)
             Began as a Minotaur Fighter on Mar 25, 2019.
             Was an Initiate of Makhleb.
             Slain by an ice beast (5 damage)
             ... on level 5 of the Dungeon.
             The game lasted 00:20:30 (3427 turns).

Marnok the Chopper (Minotaur Fighter)               Turns: 3427, Time: 00:20:31

Health: -4/62      AC: 13    Str: 20    XL:     7   Next: 55%
Magic:  6/6        EV: 10    Int:  5    God:    Makhleb [......]
Gold:   137        SH: 10    Dex: 17    Spells: 6/6 levels left

rFire    . . .     SeeInvis .   a - +1 war axe
rCold    . . .     Gourm    .   c - +0 shield
rNeg     . . .     Faith    .   m - +0 plate armour
rPois    .         Spirit   .   (helmet restricted)
rElec    .         Reflect  .   (no cloak)
rCorr    .         Harm     .   n - +0 pair of gloves
MR       .....                  (no boots)
Stlth    ..........             (no amulet)
HPRegen  0.20/turn              (no ring)
MPRegen  0.10/turn              (no ring)

@: agile, flying
A: retaliatory headbutt, horns 2
a: Renounce Religion


You were on level 5 of the Dungeon.
You worshipped Makhleb.
Makhleb was noncommittal.
You were not hungry.

You visited 1 branch of the dungeon, and saw 5 of its levels.

You collected 137 gold pieces.

Inventory:

Hand Weapons
 a - a +1 war axe (weapon)
 o - a +0 short sword of holy wrath
Missiles
 l - 2 poisoned tomahawks (quivered)
Armour
 b - a +0 scale mail
 c - a +0 shield (worn)
 m - a +0 plate armour (worn)
 n - a +0 pair of gloves (worn)
Scrolls
 d - a scroll of identify {unknown}
 i - a scroll of blinking
 j - 4 scrolls of teleportation
 q - a scroll of enchant weapon
Potions
 e - a potion of lignification
Comestibles
 f - 4 rations
 g - a chunk of flesh


   Skills:
 + Level 5.8 Fighting
 + Level 6.6 Axes
 + Level 5.9 Armour
 + Level 1.3 Dodging
 + Level 1.0 Stealth
 + Level 5.2 Shields


You had 6 spell levels left.
You didn't know any spells.
Your spell library contained the following spells:

 Spells                   Type           Power        Failure   Level  Hunger
 Confusing Touch          Hex            #.....       100%        1    ##.....
 Confuse                  Hex            #.......     100%        3    ####...
 Gell's Gravitas          Tloc           #.........   100%        3    ####...
 Petrify                  Tmut/Erth      #.......     100%        4    #####..
 Metabolic Englaciation   Hex/Ice        #.........   100%        5    ######.
 Yara's Violent Unravell  Hex/Tmut       #.........   100%        5    ######.


Dungeon Overview and Level Annotations

Branches:
Dungeon (5/15)             Temple (0/1) D:4

Altars:
Ashenzari
Fedhas
Makhleb
Okawaru
Qazlal
The Shining One


Innate Abilities, Weirdness & Mutations

You reflexively headbutt those who attack you in melee.
You have a pair of horns on your head.


Message History

You open the large door. You block the ice beast's attack.
The adder bites you but does no damage.
The ice beast hits you but does no damage.
There is a large open door here.
There is a large open door here.
You hit the ice beast but do no damage. The ice beast hits you.
The ice beast freezes you!
* * * LOW HITPOINT WARNING * * *
It was a potion of agility.
You feel agile all of a sudden.
The ice beast hits you but does no damage.
The orc priest invokes the aid of Beogh against you.
Beogh smites you!
* * * LOW HITPOINT WARNING * * *
It was a potion of flight.
You feel very buoyant.
You fly up into the air.
The ice beast hits you.
* * * LOW HITPOINT WARNING * * *
The ice beast freezes you.
You die...

............#.$.......
............).........
............#).....###
......##..<##.o.......
########...###......≈≈
#.....##....≈≈≈≈
#.....##.oo≈≈≈≈≈
#.....##..≈≈≈≈≈≈
+.....@YS.≈≈≈≈PP
#.....##.≈≈≈≈P♣P
#..... #.≈≈≈≈<._
#..... ..≈≈≈≈P♣P
#..... ...≈≈≈≈PP
#..... ...≈≈≈≈≈≈
#.....##...≈≈≈≈≈
#..... ##..≈≈≈


You could see an ice beast, an orc priest, an adder and an orc.

Vanquished Creatures
  Sigmund (D:3)
  2 ogres
  A centaur (D:2)
  A hound (D:2)
  A gnoll shaman (D:4)
  An orc priest (D:4)
  An orc wizard (D:4)
  A hound zombie (D:3)
  9 gnolls
  8 adders
  An adder skeleton (D:4)
  6 worms
  A dart slug (D:1)
  3 leopard geckos
  5 orcs
  6 bats
  2 giant cockroaches
  5 goblins
  5 hobgoblins
  4 jackals (D:2)
  3 kobolds
  2 quokkas
  4 frilled lizards
  8 rats
81 creatures vanquished.

Notes
Turn   | Place    | Note
-------+----------+-------------------------------------------
     0 | D:1      | Marnok the Minotaur Fighter began the quest for the Orb.
     0 | D:1      | Reached XP level 1. HP: 19/19 MP: 0/0
    98 | D:1      | Reached XP level 2. HP: 27/27 MP: 1/1
   702 | D:2      | Reached XP level 3. HP: 34/34 MP: 2/2
   905 | D:2      | Noticed a centaur
   913 | D:2      | Killed a centaur
   913 | D:2      | Reached skill level 3 in Axes
   913 | D:2      | Reached XP level 4. HP: 24/41 MP: 3/3
  1046 | D:2      | Reached skill level 4 in Axes
  1056 | D:3      | Noticed Sigmund
  1114 | D:2      | Reached XP level 5. HP: 31/47 MP: 4/4
  1410 | D:2      | Reached skill level 5 in Fighting
  2227 | D:3      | Killed Sigmund
  2227 | D:3      | Reached skill level 5 in Axes
  2227 | D:3      | Reached skill level 5 in Armour
  2227 | D:3      | Reached skill level 1 in Dodging
  2227 | D:3      | Reached XP level 6. HP: 56/56 MP: 5/5
  2305 | D:3      | Reached skill level 1 in Stealth
  2336 | D:3      | Found a glowing golden altar of the Shining One.
  2473 | D:3      | Reached XP level 7. HP: 58/61 MP: 6/6
  2622 | D:5      | Entered Level 5 of the Dungeon
  2665 | D:4      | Found a shattered altar of Ashenzari.
  2665 | D:4      | Found a burning altar of Makhleb.
  2681 | D:4      | Became a worshipper of Makhleb the Destroyer
  2774 | D:4      | Reached skill level 6 in Axes
  2788 | D:4      | Found an iron altar of Okawaru.
  3017 | D:4      | Reached skill level 5 in Shields
  3073 | D:4      | Found a staircase to the Ecumenical Temple.
  3187 | D:4      | Found a stormy altar of Qazlal.
  3187 | D:4      | Noticed an air elemental
  3188 | D:4      | Noticed a water elemental
  3188 | D:4      | Noticed a fire elemental
  3418 | D:5      | Found a blossoming altar of Fedhas.
  3427 | D:5      | HP: 1/62 [ice beast (3)]
  3427 | D:5      | Slain by an ice beast

Skill      XL: |  1  2  3  4  5  6  7 |
---------------+----------------------+-----
Fighting       | 4 5 |  5.8
Armour         | 4 5 |  5.9
Shields        | 4 5 |  5.2
Axes           | 3 4 5 6 |  6.6
Dodging        | 1 |  1.3
Stealth        | 1 |  1.0

Action                   |  1- 3 |  4- 6 |  7- 9 || total
-------------------------+-------+-------+-------++-------
Melee: War axe           |    55 |   100 |    71 ||   226
       Headbutt          |     9 |    15 |    16 ||    40
  Use: Scroll            |       |     8 |       ||     8
       Potion            |       |     3 |     3 ||     6
  Eat: Chunk             |       |     5 |     3 ||     8
Armor: Scale mail        |    20 |    38 |       ||    58
       Plate armour      |       |     5 |    65 ||    70
Dodge: Dodged            |    18 |    34 |    19 ||    71
Block: Shield            |    27 |    66 |    48 ||   141
